cohdb
Replays
Latest Replays
All Replays
Popular Replays
Top Player Replays
Match Explorer
How It Works
Community
CoH3 Stats
Reddit
Sign in to upload your games and track your stats! →
Sign in with Steam
Match 33403702
Unlisted
Match 33403702
Overview
Messages
Build Orders
End
Construct Barracks
Riflemen Squad
Selects Airborne Battlegroup
Selects Heavy Machine Gun Paradrop
Heavy Machine Gun Paradrop
Riflemen Squad
Heavy Machine Gun Paradrop
Selects Paratrooper Squad Paradrop
Riflemen Squad
Construct Weapon Support Center
Air Support Center
Grenade Package
P-47 Strafing Run
Selects Smoke Bombing Run
Double Sortie
Air Supply
M1918 Browning Automatic Rifles
Paratrooper Squad Paradrop
P-47 Dive Bomb
P-47 Strafing Run
Selects Paradrop Reinforcements
Air Supremacy
Advanced Air Reconnaissance
P-47 Dive Bomb
Shinoda シノダ
ChaosBloodAngel
Turd Fergu
gUi
Paranoiac
Kogashiwasu
DeathRow
Jesus Christ
0
0
Comments
sign in to comment!
No comments posted yet!